 Dungeon Crawl Stone Soup version 0.26.1-11-gd32895ea62 (webtiles) character file.

Game seed: 7049273349146488904

59 Zeld the Sneak (level 3, -5/18 HPs)
             Began as a Spriggan Brigand on June 6, 2021.
             Was an Initiate of Dithmenos.
             Slain by a worker ant (6 damage)
             ... on level 3 of the Dungeon.
             The game lasted 00:03:42 (2113 turns).

Zeld the Sneak (Spriggan Brigand)                   Turns: 2113, Time: 00:03:43

Health: -5/18      AC:  3    Str:  7    XL:     3   Next: 78%
Magic:  5/5        EV: 17    Int: 12    God:    Dithmenos [......]
Gold:   64         SH:  0    Dex: 18    Spells: 4/4 levels left

rFire    . . .     SeeInvis +   a - +2 dagger
rCold    . . .     Faith    .   (shield restricted)
rNeg     . . .     Spirit   .   b - +0 robe
rPois    .         Reflect  .   (helmet restricted)
rElec    .         Harm     .   c - +0 cloak
rCorr    .         Rampage  .   (gloves unavailable)
Will     .....                  (boots unavailable)
Stlth    ++........             (no amulet)
HPRegen  0.06/turn              (no ring)
MPRegen  0.09/turn              (no ring)

@: lethally poisoned (-5 -> -9), slow
A: very small, unfitting armour, see invisible, speed 3
a: Renounce Religion


You were on level 3 of the Dungeon.
You worshipped Dithmenos.
Dithmenos was noncommittal.
You visited 1 branch of the dungeon, and saw 3 of its levels.

You collected 64 gold pieces.

Inventory:

Hand Weapons
 a - a +2 dagger (weapon)
Missiles
 d - 8 poisoned darts (quivered)
 e - 2 curare-tipped darts
Armour
 b - a +0 robe (worn)
 c - a +0 cloak (worn)
Jewellery
 j - an uncursed ring of protection from fire {unknown}
 p - an uncursed ring of protection from cold {unknown}
Scrolls
 f - a scroll of blinking {unknown}
 g - a scroll of teleportation {unknown}
 h - a scroll of enchant weapon {unknown}
 i - 3 scrolls of identify {unknown}
 k - a scroll of remove curse {unknown}
 n - a scroll of fear {unknown}
Potions
 l - a potion of flight {unknown}
 m - a potion of curing
 o - a potion of might {unknown}


   Skills:
 - Level 1.5 Fighting
 * Level 3.2 Short Blades
 * Level 2.9 Throwing
 - Level 1.5 Dodging
 + Level 6.2 Stealth
 + Level 1.3 Spellcasting


You had 4 spell levels left.
You didn't know any spells.
Your spell library was empty.

Dungeon Overview and Level Annotations

Branches:
Dungeon (3/15)

Altars:
Dithmenos


Innate Abilities, Weirdness & Mutations

You are very small and have problems with some larger weapons.
You are too small for most types of armour.
You have supernaturally acute eyesight. (SInv)
You cover ground extremely quickly.


Message History

Okay, then.
It was a potion of curing.
You feel better.
You hear the slow rusting of a drain.
The worker ant misses you.
Your unstable footing causes you to fumble your attack.
The worker ant bites you.
You are poisoned.
The worker ant poisons you! The worm misses you.
Your unstable footing causes you to fumble your attack.
You feel sick. The worker ant barely misses you.
Your unstable footing causes you to fumble your attack.
The worker ant bites you.
* * * LOW HITPOINT WARNING * * *
The worm barely misses you.
Unknown command.
You hit the worm.
The worm is heavily wounded.
* * * LOW HITPOINT WARNING * * *
You feel sick. The worker ant bites you.
You die...

#########
≈≈≈Bwlw@###
########BS#
##g# #.#
#.# #.# #.#
####
#B##...##
##S......#


You could see 2 worms, a worker ant, an adder, a leopard gecko, a giant
cockroach and a goblin.

Vanquished Creatures
  3 worms (D:2)
  3 dart slugs
  An orc (D:2)
  3 giant cockroaches (D:1)
  5 hobgoblins
  3 jackals (D:2)
  A kobold (D:1)
  A ball python (D:2)
  9 bats
  7 goblins
  6 rats
42 creatures vanquished.

Vanquished Creatures (others)
  3 plants (D:1)
3 creatures vanquished.

Grand Total: 45 creatures vanquished

Notes
Turn   | Place    | Note
-------+----------+-------------------------------------------
     0 | D:1      | Zeld the Spriggan Brigand began the quest for the Orb.
     0 | D:1      | Reached XP level 1. HP: 10/10 MP: 2/2
   214 | D:1      | Reached XP level 2. HP: 13/14 MP: 3/3
   568 | D:1      | Reached skill level 6 in Stealth
   828 | D:2      | Found a shadowy altar of Dithmenos.
   879 | D:2      | Became a worshipper of Dithmenos the Shadowed
  1071 | D:2      | Reached skill level 1 in Spellcasting
  1071 | D:2      | Reached XP level 3. HP: 18/18 MP: 5/5
  2113 | D:3      | Slain by a worker ant

Illustrated notes

Levels and vault maps discovered:
D:1:      wheals_arrival_shading, layout_loops_ring, minmay_misc_feat_square,
          minmay_tree_intersection, minmay_curled_crystal, serial_bayou_crossing
D:2:      layout_basic, overflow_temple_1_default
D:3:      layout_rooms, gup_sewer_entry_spiral, roderic_three_in_a_row

Skill      XL: |  1  2  3 |
---------------+----------+-----
Stealth        | 6 |  6.2
Spellcasting   | 1 |  1.3
Short Blades   | 3 |  3.2
Fighting       | |  1.5
Throwing       | |  2.9
Dodging        | |  1.5

Action                   || total
-------------------------++-------
Melee: Dagger            ||   145
  Use: Potion            ||     1
 Stab: Sleeping          ||    19
Armor: Robe              ||    16
Dodge: Dodged            ||    92
